 Dungeon Crawl Stone Soup version 0.29.1-14-g9c671dbff4 (webtiles) character file.

Game seed: 6926699770971933023

2 Ast3rio the Trooper (level 1, -1/20 HPs)
             Began as a Minotaur Berserker on Feb 17, 2023.
             Was a Follower of Trog.
             Slain by a kobold
             ... wielding a +0 short sword
              (2 damage)
             ... on level 1 of the Dungeon.
             The game lasted 00:00:08 (31 turns).

Ast3rio the Trooper (Minotaur Berserker)              Turns: 31, Time: 00:00:09

Health: -1/20      AC:  2    Str: 21    XL:     1   Next: 33%
Magic:  0/0        EV: 12    Int:  4    God:    Trog [*.....]
Gold:   0          SH:  0    Dex:  9    Spells: 0/0 levels left

rFire   . . .      SeeInvis .   a - +0 hand axe
rCold   . . .      Faith    .   (no shield)
rNeg    . . .      Spirit   .   b - +0 animal skin
rPois   .          Reflect  .   (helmet restricted)
rElec   .          Harm     .   (no cloak)
rCorr   .          Rampage  .   (no gloves)
Will    .....                   (no boots)
Stlth   +.........              (no amulet)
HPRegen 0.06/turn               (no ring)
MPRegen 0.07/turn               (no ring)

@: no status effects
A: horns 2, retaliatory headbutt
a: Renounce Religion, Berserk


You were on level 1 of the Dungeon.
You worshipped Trog.
Trog was aware of your devotion.
You visited 1 branch of the dungeon, and saw 1 of its levels.

Inventory:

Hand Weapons
 a - a +0 hand axe (weapon)
Armour
 b - a +0 animal skin (worn)


   Skills:
 + Level 3.7 Fighting
 + Level 3.7 Axes
 + Level 2.4 Armour
 + Level 2.2 Dodging


You couldn't memorise any spells.
You didn't know any spells.
Your spell library was empty.

Dungeon Overview and Level Annotations

Branches:
Dungeon (1/15)

Altars:


Innate Abilities, Weirdness & Mutations

You have a pair of horns on your head.
You reflexively headbutt those who attack you in melee.


Message History

You see here a rat corpse.
You closely miss the ball python. The ball python bites you.
The ball python constricts you.
You hit the ball python. Your headbutt misses the ball python.
The ball python is moderately wounded.
The ball python bites you but does no damage.
The ball python constricts you.
You slash the ball python!
You kill the ball python!
Trog accepts your kill.
You see here a ball python corpse.
Found a stone staircase leading down.
Found a short sword.
A hobgoblin comes into view.
The hobgoblin shouts!
Found a mace.
A goblin comes into view. It is wielding a +0 dagger.
The goblin shouts!
A kobold comes into view. It is wielding a +0 short sword.
The kobold shouts!
The hobgoblin hits you.
You closely miss the goblin. You hit the hobgoblin but do no damage.
The goblin closely misses you. You furiously retaliate!
You headbutt the goblin. The hobgoblin hits you.
You barely miss the goblin. You headbutt the goblin.
You kill the goblin!
Trog accepts your kill.
You hit the hobgoblin but do no damage. The hobgoblin hits you.
The hobgoblin hits you.
* * * LOW HITPOINT WARNING * * *
The kobold misses you.
Things that are here:
a +0 dagger; a goblin corpse The kobold hits you but does no damage.
You barely miss the hobgoblin. You hit the kobold but do no damage.
You barely miss the rat. The rat bites you but does no damage.
The hobgoblin hits you.
* * * LOW HITPOINT WARNING * * *
The kobold hits you with a +0 short sword.
You die...

...... #.....####+####
#.............#
#.............# ######
#.............# ....#
#..........).# #.#.#
#............#
##.#.####.....@......#
#............rgK.....#
#.....(...$.........#
#.................#
##.††..............#
##>......#....##+####
#.#..r...#....#
##<......#)...#
##.######....>.


You could see a hobgoblin, a kobold and a rat.

Vanquished Creatures
  A goblin (D:1)
  A ball python (D:1)
  A rat (D:1)
3 creatures vanquished.

Notes
Turn   | Place    | Note
-------+----------+-------------------------------------------
     0 | D:1      | Ast3rio the Minotaur Berserker began the quest for the Orb.
     0 | D:1      | Reached XP level 1. HP: 19/19 MP: 0/0
    31 | D:1      | HP: 1/20 [hobgoblin (4)]
    31 | D:1      | Slain by a kobold

Illustrated notes

Levels and vault maps discovered:
D:1:      onia_arrival_handbag, layout_basic, hangedman_decor_growths,
          chequers_serial_rivers_small_3

Action                   || total
-------------------------++-------
Melee: Hand axe          ||     8
       Headbutt          ||     1
Armor: Animal skin       ||     3
Dodge: Dodged            ||     4
